 Dungeon Crawl Stone Soup version 0.26.1-11-gd32895ea62 (webtiles) character file.

Game seed: 14953955502999721671

214 dtburroughs the Chopper (level 5, -4/47 HPs)
             Began as a Minotaur Berserker on July 16, 2021.
             Was a Believer of Trog.
             Slain by Grinder (5 damage)
             ... on level 3 of the Dungeon.
             The game lasted 00:02:09 (1753 turns).

dtburroughs the Chopper (Minotaur Berserker)        Turns: 1753, Time: 00:02:10

Health: -4/47      AC:  2    Str: 22    XL:     5   Next: 59%
Magic:  4/4        EV: 13    Int:  5    God:    Trog [**....]
Gold:   59         SH:  0    Dex:  9    Spells: 4/4 levels left

rFire    . . .     SeeInvis .   a - +0 hand axe
rCold    . . .     Faith    .   (no shield)
rNeg     . . .     Spirit   .   b - +0 animal skin
rPois    .         Reflect  .   (helmet restricted)
rElec    .         Harm     .   (no cloak)
rCorr    .         Rampage  .   (no gloves)
Will     .....                  (no boots)
Stlth    +.........             (no amulet)
HPRegen  0.15/turn              (no ring)
MPRegen  0.09/turn              (no ring)

@: berserk cooldown, slowed, very slow
A: retaliatory headbutt, horns 2
a: Renounce Religion, Berserk, Trog's Hand


You were on level 3 of the Dungeon.
You worshipped Trog.
Trog was pleased with you.
You visited 1 branch of the dungeon, and saw 4 of its levels.

You collected 59 gold pieces.

Inventory:

Hand Weapons
 a - a +0 hand axe (weapon)
Armour
 b - a +0 animal skin (worn)
Jewellery
 c - an uncursed ring of positive energy {unknown}
 i - an uncursed ring of wizardry {unknown}
Scrolls
 d - a scroll of identify {unknown}
 g - a scroll of enchant armour {unknown}
 h - 2 scrolls of teleportation {unknown}
 j - a scroll of fog {unknown}
 k - a scroll of remove curse {unknown}
 n - a scroll of immolation {unknown}
 o - a scroll of amnesia {unknown}
Potions
 e - a potion of resistance {unknown}
 f - a potion of brilliance {unknown}
 l - 3 potions of curing {unknown}
 m - a potion of might {unknown}


   Skills:
 + Level 4.8 Fighting
 + Level 5.0 Axes
 + Level 4.1 Armour
 + Level 3.7 Dodging


You had 4 spell levels left.
You didn't know any spells.
Your spell library was empty.

Dungeon Overview and Level Annotations

Branches:
Dungeon (4/15)
 Temple: D:4-7

Altars:
Kikubaaqudgha
Ru
The Shining One

Annotations:
D:3 Grinder


Innate Abilities, Weirdness & Mutations

You reflexively headbutt those who attack you in melee.
You have a pair of horns on your head.


Message History

Your skin stops crawling.
You feel less strong-willed.
You are no longer berserk.
You are exhausted.
You feel yourself slow down.
Found a sacrificial altar of Ru.
Grinder hits you.
You writhe in agony.
* * * LOW HITPOINT WARNING * * *
You hit Grinder. You headbutt Grinder, but do no damage.
Grinder is almost dead.
Grinder hits you.
* * * LOW HITPOINT WARNING * * *
You writhe in agony.
* * * LOW HITPOINT WARNING * * *
Grinder closely misses you.
You hit Grinder.
Grinder is almost dead.
Grinder hits you.
* * * LOW HITPOINT WARNING * * *
You writhe in agony.
You die...

### ## ###8###_###
###8..?8...8##
.#.#####.........##
...$.w#>...@5...._#
......##.........##
########8...8...8##
###8###_### ### ##


You could see Grinder and a dart slug.

Vanquished Creatures
  Sigmund (D:2)
  An adder (D:2)
  3 dart slugs (D:1)
  2 leopard geckos (D:1)
  3 giant cockroaches (D:1)
  3 goblins (D:1)
  3 hobgoblins
  13 jackals
  8 bats
  3 frilled lizards
  2 kobolds (D:1)
  2 rats
44 creatures vanquished.

Notes
Turn   | Place    | Note
-------+----------+-------------------------------------------
     0 | D:1      | dtburroughs the Minotaur Berserker began the quest for the
                  | Orb.
     0 | D:1      | Reached XP level 1. HP: 19/19 MP: 0/0
    37 | D:1      | Reached XP level 2. HP: 19/27 MP: 1/1
   314 | D:1      | Reached skill level 4 in Axes
   410 | D:1      | Reached XP level 3. HP: 23/33 MP: 2/2
   546 | D:1      | Reached ** piety under Trog
  1509 | D:2      | Noticed Sigmund
  1531 | D:2      | Killed Sigmund
  1532 | D:2      | Reached skill level 5 in Axes
  1532 | D:2      | Reached XP level 4. HP: 10/41 MP: 3/3
  1532 | D:2      | Reached XP level 5. HP: 12/47 MP: 4/4
  1718 | D:2      | You fall into a shaft and drop 2 floors!
  1734 | D:3      | Found a glowing golden altar of the Shining One.
  1734 | D:3      | Found an ancient bone altar of Kikubaaqudgha.
  1734 | D:3      | Noticed Grinder
  1750 | D:3      | Found a sacrificial altar of Ru.
  1753 | D:3      | HP: 1/47 [Grinder (4)]
  1753 | D:3      | Slain by Grinder

Illustrated notes

Levels and vault maps discovered:
D:1:      lightli_arrival_flooded_house, layout_basic
D:2:      layout_loops_ring, uniq_sigmund
D:3:      layout_basic, nicolae_overflow_hidden_temple, uniq_natasha,
          uniq_grinder
D:4:      layout_gridville, grunt_temple_overflow_order_and_chaos_1,
          marbit_many_paths, minmay_temple_entry_junction,
          nicolae_tso_swordbearing_angel

Skill      XL: |  1  2  3 |
---------------+----------+-----
Axes           | 4 5 |  5.0
Fighting       | 4 |  4.8
Armour         | 3 4 |  4.1
Dodging        | 3 |  3.7

Action                   |  1- 3 |  4- 6 || total
-------------------------+-------+-------++-------
Melee: Hand axe          |    86 |    13 ||    99
       Headbutt          |    11 |     3 ||    14
Invok: Berserk           |     2 |     1 ||     3
       Trog's Hand       |     1 |     1 ||     2
Armor: Animal skin       |    27 |       ||    27
Dodge: Dodged            |    74 |     3 ||    77
